 Dungeon Crawl Stone Soup version 0.29.1-12-g30fa7ad0bf (webtiles) character file.

Game seed: 4875032877585344303

641 hawla the Chiller (level 8, -5/59 HPs)
             Began as a Meteoran Ice Elementalist on Dec 28, 2022.
             Killed from afar by an electric eel (13 damage)
             ... with a bolt of electricity
             ... on level 6 of the Dungeon.
             The game lasted 00:05:55 (674 turns).

hawla the Chiller (Meteoran Ice Elementalist)        Turns: 674, Time: 00:05:56

Health: -5/59      AC:  2    Str:  9    XL:     8   Next: 8%
Magic:  8/16       EV: 13    Int: 19    God:
Gold:   69         SH:  0    Dex: 15    Spells: 8/16 levels left

rFire   . . .      SeeInvis .   e - +0 scimitar
rCold   . . .      Faith    .   (no shield)
rNeg    . . .      Spirit   .   a - +0 robe
rPois   .          Reflect  .   (no helmet)
rElec   .          Harm     .   (no cloak)
rCorr   .          Rampage  .   (no gloves)
Will    +....                   (no boots)
Stlth   +.........              (no amulet)
HPRegen 0.19/turn               (no ring)
MPRegen 0.15/turn               (no ring)

@: glowing
A: sense surroundings 1, otherworldly, glowing, explore regen
a: no special abilities


You were on level 6 of the Dungeon.
You visited 2 branches of the dungeon, and saw 7 of its levels.

You collected 69 gold pieces.

Inventory:

Hand Weapons
 e - a +0 scimitar (weapon)
Armour
 a - a +0 robe (worn)
 h - a +0 cloak
Scrolls
 g - a scroll of identify
Potions
 c - a potion of attraction
 d - a potion of curing
 f - a potion of heal wounds {unknown}
 j - a potion of brilliance {unknown}


   Skills:
 + Level 1.0 Fighting
 + Level 3.7 Dodging
 - Level 1.4 Stealth
 + Level 4.9 Spellcasting
 + Level 5.3 Conjurations
 + Level 6.7 Ice Magic


You had 8 spell levels left.
You knew the following spells:

 Your Spells              Type           Power      Damage    Failure   Level
a - Freeze                Ice            100%       1d11      1%          1
b - Frozen Ramparts       Ice            60%        1d10      2%          3
c - Hailstorm             Conj/Ice       27%        3d7       11%         4

Your spell library contained the following spells:

 Spells                   Type           Power      Damage    Failure   Level
 Ozocubu's Armour         Ice            30%        N/A       2%          3
 Mephitic Cloud           Conj/Pois/Air  11%        N/A       19%         3
 Fireball                 Conj/Fire      7%         3d5       75%         5
 Eringya's Noxious Bog    Tmut/Pois      2%         N/A       100%        6


Dungeon Overview and Level Annotations

Branches:
Dungeon (6/15) Zot: 2958   Temple (1/1) D:4 Zot: 563

Altars:
Cheibriados
Dithmenos
Elyvilon
Hepliaklqana
Okawaru
Qazlal
Ru
Sif Muna
Trog
Uskayaw
Vehumet
Wu Jian
Xom
Yredelemnul

Annotations:
D:6 Dowan, Duvessa


Innate Abilities, Weirdness & Mutations

You passively map a small area around you.
You are easily found by Zot.
You glow in the dark.
You regain HP and MP as you explore.


Message History

Casting: Freeze (safe; 1% risk of failure)
Confirm with . or Enter, or press ? or * to list all spells.
Casting: Hailstorm (dangerous; 11% risk of failure)
Press: ? - help, Dir - look around, f - activate A cannonade of hail descends around you!
The hail pelts the wight!
The wight partially resists.
You destroy the wight!
An electric eel comes into view.
The wall freezes Maggie but does no damage.
Maggie hits you with a +0 long sword!
Your Fighting skill increases to level 1!
You have reached level 8!
Casting: Hailstorm (dangerous; 11% risk of failure)
Confirm with . or Enter, or press ? or * to list all spells.
Aiming: Freeze (safe; 1% risk of failure)
Press: ? - help, Shift-Dir - straight line, f - Maggie
Aim: Maggie, wielding a +0 long sword and wearing +2 acid dragon scales (severely wounded, mesmerising)
You freeze Maggie!
Maggie is almost dead.
The wall freezes Maggie.
Maggie hits you with a +0 long sword.
Casting: Freeze (safe; 1% risk of failure)
Confirm with . or Enter, or press ? or * to list all spells.
Aiming: Freeze (safe; 1% risk of failure)
Press: ? - help, Shift-Dir - straight line, f/p - Maggie
Aim: Maggie, wielding a +0 long sword and wearing +2 acid dragon scales (almost dead, mesmerising)
You freeze Maggie.
Maggie is almost dead.
The frozen ramparts melt away.
Maggie hits you with a +0 long sword!
* * * LOW HITPOINT WARNING * * *
Casting: Freeze (safe; 1% risk of failure)
Confirm with . or Enter, or press ? or * to list all spells.
Aiming: Freeze (safe; 1% risk of failure)
Press: ? - help, Shift-Dir - straight line, f/p - Maggie
Aim: Maggie, wielding a +0 long sword and wearing +2 acid dragon scales (almost dead, mesmerising)
You freeze Maggie!
You break out of your daze!
You kill Maggie!
The electric eel shoots out a bolt of lightning at you!
The bolt of electricity hits you!
You die...

* , ~z♣ ≈~~P~# *
P~~~♣♣≈~~P# ,
..~P♣~≈≈~P~# ,
*####.PPP♣~~~~PP##
* ##.PP~~~♣ ~
.~S..,,
##~PP~~~♣P.~ #..#
#PP~~♣~PP..* * #)#
..~PPP~..##* #)#
#.~P.~P...# #@#
.P~.~.....# ##.#
..........# #..#
....#.....# #.##
....#.....# #.#
..#.####### #.#
.##.# #.# ....#
#########.# ..###
#.........#


You could see an electric eel.

Vanquished Creatures
  Maggie (D:6)
  A wyvern (D:5)
  A black bear (D:5)
  A centaur (D:6)
  A scorpion (D:5)
  A wight (D:6)
  A howler monkey (D:6)
  An orc priest (D:6)
  A hound (D:5)
  An orc wizard (D:6)
  6 gnolls (D:5)
  3 adders
  An ufetubus (D:6)
  3 orcs
  2 goblins
  4 jackals (D:5)
  2 kobolds (D:4)
  A ball python (D:2)
32 creatures vanquished.

Vanquished Creatures (others)
  36 plants (D:6)
36 creatures vanquished.

Grand Total: 68 creatures vanquished

Notes
Turn   | Place    | Note
-------+----------+-------------------------------------------
     0 | D:1      | hawla the Meteoran Ice Elementalist began the quest for the
                  | Orb.
     0 | D:1      | Reached XP level 1. HP: 14/14 MP: 5/5
    67 | D:2      | Reached XP level 2. HP: 18/20 MP: 2/6
   113 | D:3      | Found a sacrificial altar of Ru.
   220 | D:4      | Found a staircase to the Ecumenical Temple.
   224 | D:4      | Reached skill level 5 in Ice Magic
   231 | Temple   | Entered the Ecumenical Temple
   285 | D:4      | Reached XP level 3. HP: 15/26 MP: 5/8
   289 | D:4      | Learned a level 3 spell: Frozen Ramparts
   308 | D:5      | Entered Level 5 of the Dungeon
   318 | D:5      | Reached XP level 4. HP: 19/33 MP: 5/9
   323 | D:5      | Learned a level 4 spell: Hailstorm
   329 | D:5      | Got the Folio of the Camelopard
   337 | D:5      | Reached skill level 1 in Conjurations
   338 | D:5      | Reached XP level 5. HP: 36/38 MP: 4/10
   355 | D:5      | Noticed a wyvern
   355 | D:5      | Noticed a black bear
   360 | D:5      | Killed a wyvern
   361 | D:5      | Reached skill level 5 in Conjurations
   361 | D:5      | Reached XP level 6. HP: 14/45 MP: 3/11
   364 | D:5      | Killed a black bear
   365 | D:5      | Reached XP level 7. HP: 12/51 MP: 1/13
   411 | D:5      | Reached skill level 6 in Ice Magic
   499 | D:6      | Noticed Duvessa
   502 | D:6      | Noticed Dowan
   656 | D:6      | Noticed Maggie
   672 | D:6      | Reached skill level 1 in Fighting
   672 | D:6      | Reached XP level 8. HP: 28/59 MP: 11/16
   674 | D:6      | Killed Maggie
   674 | D:6      | Killed from afar by an electric eel

Illustrated notes

Levels and vault maps discovered:
D:1:      minmay_arrival_hallway, layout_basic
D:2:      layout_basic, chequers_ecumenical_altar_island,
          uniq_crazy_yiuf_cottage, uniq_natasha
D:3:      layout_basic, nicolae_overflow_crystal_walls,
          mainiacjoe_overflow_paths
D:4:      layout_basic, tso_altar, nicolae_overflow_squiral,
          minmay_temple_entry_crystal_x, minmay_manual_moon, uniq_pikel
D:5:      layout_cave_pools, minitemple, reono_crystal_passage
D:6:      layout_loops_cross, serial_bayou_lagoon_a, uniq_duvessa, uniq_edmund,
          uniq_maggie
Temple:   nicolae_temple_ecumenical_triangle

Skill      XL: |  1  2  3  4  5  6  7 |
---------------+----------------------+-----
Ice Magic      | 5 6 |  6.7
Dodging        | 3 |  3.7
Spellcasting   | 3 4 |  4.9
Conjurations   | 2 5 |  5.3
Fighting       | 1 |  1.0
Stealth        | |  1.4

Action                   |  1- 3 |  4- 6 |  7- 9 || total
-------------------------+-------+-------+-------++-------
Melee: Scimitar          |     2 |       |     1 ||     3
 Cast: Freeze            |    11 |     9 |    16 ||    36
       Frozen Ramparts   |     1 |     2 |     7 ||    10
       Hailstorm         |       |       |     5 ||     5
  Use: Scroll            |     2 |       |     2 ||     4
       Potion            |       |     1 |     1 ||     2
Armor: Robe              |       |     4 |    11 ||    15
Dodge: Dodged            |     6 |     9 |    29 ||    44
